Map: Cerulean Fall LE

Players

RexRequired - Winner!

  • Race: Terran Terran
  • League: Grandmaster
  • Spawn Location: 1:00

HeatedStove

  • Race: Terran Terran
  • League: Master
  • Spawn Location: 7:00

VOD

Have the link to the VOD?

Description

Time

  • Played on: Dec. 4, 2018, 12:28 a.m.
  • Length: 9:23
Show
View Real Time Build Order
Export as new Build Order

RexRequired Terran - Winner!

Build Orders:  

Get SALT Encoding   

  12  0:00  SCV  
  13  0:13  SCV  
  14  0:17  Supply Depot  
  14  0:25  SCV  
  15  0:29  Refinery  
  15  0:38  SCV  
  16  0:44  Barracks  
  16  0:50  SCV  
  16  0:55  Refinery  
  17  1:03  SCV  
  18  1:15  SCV  
  19  1:30  Orbital Command  
  19  1:31  Reaper  
  20  1:35  Factory  
  20  1:45  Supply Depot  
  20  1:56  SCV  
  21  2:03  Reaper  
  22  2:08  SCV  
  23  2:19  Hellion  
  23  2:21  SCV  
  26  2:30  Command Center  
  26  2:34  SCV  
  27  2:41  Widow Mine  
  29  2:44  Starport  
  29  2:47  Barracks Reactor  
  29  2:50  SCV  
  30  2:55  Supply Depot  
  30  3:02  SCV  
  30  3:03  Factory Tech Lab  
  31  3:17  SCV  
  32  3:22  Cyclone  
  32  3:23  Marine, Starport Tech Lab  
  32  3:24  Marine  
  37  3:29  SCV  
  39  3:41  Marine, SCV  
  39  3:42  Marine, Orbital Command  
  39  3:45  Raven  
  43  3:53  SCV  
  44  3:58  Siege Tank  
  44  3:59  Marine x2  
  49  4:05  SCV  
  49  4:07  SCV  
  50  4:17  SCV  
  50  4:19  SCV  
  54  4:25  Supply Depot  
  54  4:29  SCV  
  54  4:31  SCV  
  54  4:34  Command Center  
  54  4:37  Supply Depot  
  54  4:39  Starport Reactor  
  54  4:40  Stimpack  
  54  4:46  Marine, SCV x2  
  54  4:48  Siege Tank  
  60  4:58  SCV x2  
  62  5:00  Barracks  
  62  5:02  Barracks  
  62  5:04  Supply Depot  
  62  5:06  Marine  
  63  5:12  SCV x2  
  65  5:18  Refinery  
  65  5:19  Refinery  
  65  5:24  Marine, SCV x2  
  65  5:26  Siege Tank  
  71  5:28  Starport Reactor  
  71  5:34  Engineering Bay  
  71  5:36  Engineering Bay, SCV x2  
  71  5:42  Marine  
  74  5:44  Supply Depot  
  74  5:48  SCV x2  
  76  5:56  Orbital Command  
  76  5:58  Siege Tank  
  76  6:00  SCV  
  76  6:01  SCV  
  76  6:02  Marine x4  
  76  6:04  Marine  
  86  6:09  Terran Infantry Weapons Level 1, Terran Infantry Armor Level 1  
  86  6:14  SCV, Orbital Command  
  86  6:15  Supply Depot  
  86  6:16  SCV  
  88  6:21  Medivac x2  
  88  6:25  Marine x3  
  92  6:26  Marine x2  
  92  6:29  SCV x2  
  99  6:38  Supply Depot  
  99  6:41  SCV x2  
  99  6:43  Marine x3  
  99  6:44  Marine  
  99  6:45  SCV  
  99  6:46  Marine  
  107  6:48  Combat Shield  
  107  6:49  Supply Depot  
  107  6:53  SCV  
  108  6:56  SCV  
  108  7:00  SCV, Supply Depot, Siege Tank  
  113  7:05  Marine x2, SCV  
  113  7:06  Marine  
  117  7:11  Marine x2, SCV  
  117  7:12  SCV  
  121  7:18  Barracks, SCV  
  121  7:19  Barracks  
  122  7:22  Supply Depot  
  122  7:23  SCV  
  122  7:25  Marine  
  122  7:26  Armory, Marine x2  
  122  7:28  Supply Depot  
  126  7:36  Marine x2  
  124  7:38  Siege Tank  
  127  7:44  Marine x2  
  127  7:45  Marine  
  127  7:46  Medivac x2  
  134  7:54  Marine x2  
  134  7:58  SCV x2  
  138  8:02  Marine x3  
  142  8:10  Siege Tank  
  142  8:12  Marine  
  146  8:13  Marine  
  146  8:15  Barracks Reactor x2  
  146  8:16  Medivac x2  
  146  8:19  Supply Depot  
  149  8:20  Supply Depot  
  149  8:21  Marine x2, Refinery x2  
  151  8:27  Sensor Tower  
  151  8:34  Command Center  
  151  8:48  Marine x5  
  151  8:49  Siege Tank  
  151  8:55  Marine  
  157  9:02  Marine x3  
Show
View Real Time Build Order
Export as new Build Order

HeatedStove Terran 

Build Orders:  

Get SALT Encoding   

  12  0:01  SCV  
  13  0:13  SCV  
  14  0:18  Supply Depot  
  14  0:25  SCV  
  15  0:29  Refinery  
  15  0:39  SCV  
  16  0:45  Barracks  
  16  0:51  SCV  
  16  0:55  Refinery  
  17  1:03  SCV  
  18  1:15  SCV  
  19  1:32  Reaper, Orbital Command  
  20  1:36  Factory  
  20  1:46  Supply Depot  
  20  1:57  SCV  
  21  2:05  Reaper  
  22  2:09  SCV  
  23  2:20  Hellion  
  23  2:21  SCV  
  26  2:32  Command Center  
  26  2:39  SCV  
  27  2:45  Starport  
  27  2:49  Factory Tech Lab  
  27  2:50  Barracks Reactor  
  27  2:52  SCV  
  27  2:57  Supply Depot  
  28  3:06  SCV  
  29  3:18  Cyclone  
  32  3:21  SCV  
  32  3:22  Starport Tech Lab  
  33  3:29  Marine x2  
  33  3:33  SCV  
  36  3:44  Raven  
  36  3:45  Orbital Command  
  36  3:47  Marine x2  
  40  3:51  Siege Tank  
  40  3:55  SCV  
  44  3:59  Supply Depot  
  44  4:04  Marine  
  44  4:05  Marine  
  44  4:07  SCV  
  47  4:15  SCV  
  48  4:19  SCV  
  48  4:23  Siege Tank  
  52  4:27  SCV  
  53  4:31  SCV  
  53  4:32  Barracks  
  53  4:37  Barracks  
  54  4:39  Stimpack  
  54  4:40  Marine  
  54  4:43  Starport Reactor  
  54  4:45  SCV  
  56  4:46  SCV  
  56  4:50  Supply Depot  
  57  4:57  SCV  
  57  4:58  SCV  
  59  5:03  Siege Tank  
  62  5:12  Marine  
  63  5:23  Marine x2  
  63  5:28  SCV  
  65  5:29  Marine, SCV  
  65  5:30  Refinery  
  65  5:31  Starport Reactor  
  65  5:32  Marine x2  
  69  5:40  SCV, Command Center  
  70  5:59  Supply Depot  
  70  6:01  Supply Depot  
  70  6:09  Engineering Bay x2  
  70  6:20  Marine x4, SCV x2, Medivac  
  70  6:22  Marine, Siege Tank, Medivac  
  84  6:30  Supply Depot  
  84  6:32  SCV x2, Supply Depot  
  85  6:38  Marine  
  86  6:40  Terran Infantry Weapons Level 1, Refinery  
  86  6:41  Terran Infantry Armor Level 1  
  86  6:51  Marine x4, SCV x2  
  92  6:56  Siege Tank  
  95  7:03  SCV x2  
  95  7:05  Marine  
  95  7:07  Orbital Command  
  98  7:09  Marine x2  
  102  7:15  SCV x2  
  102  7:16  Barracks  
  102  7:17  Barracks  
  101  7:27  SCV  
  102  7:33  Supply Depot x2  
  84  7:39  Marine x5  
  87  7:44  Orbital Command  
  87  7:50  SCV  
  87  7:51  SCV  
  89  7:52  Orbital Command  
  89  7:57  Marine x4  
  90  7:59  Marine  
  90  8:00  Combat Shield  
  90  8:03  SCV x2  
  85  8:14  Marine  
  85  8:15  Marine, SCV x2  
  89  8:21  Marine x3, Barracks Reactor  
  89  8:22  Medivac x2  
  89  8:25  Siege Tank  
  89  8:26  Armory  
  99  8:30  SCV x2  
  99  8:31  Sensor Tower  
  99  8:32  Marine x2  
  103  8:36  Barracks Reactor  
  103  8:39  Marine x3  
  103  8:40  Missile Turret  
  100  8:49  SCV x2  
  100  8:50  Marine x2, SCV  
  100  8:52  Medivac  
  102  8:59  Marine x3  
  102  9:01  SCV  
  102  9:02  Marine x2  
  111  9:04  SCV x2  
Tags
 
Add a new tag
Caveats
  • Supply blocks, unpowered buildings, or Contaminate may cause inaccurate times.
  • Supply counts are checked every 10 seconds.